AoeStats
← duke of downend

Fortress

510409475Analyzed
1v1 RM · 11h ago on Sep 30, 2026· 40m 48s· 2 players
Game mode
Random Map
Map size
Small (3 player)
Population
200
Speed
Normal
Resources
Standard
Victory
Conquest
Starting age
Dark Age
Ending age
Imperial Age
RankedLock teamsTeams togetherTeam positionsShared explorationLock speedFull tech treeHidden civsTurbo modeCheats
Victory
Defeat
🇨🇴 Dravidians · Colombia
655
+17
🇬🇧 Khmer · United Kingdom
683
-17
Cruzetinho
7:00 Feudal Age
7:26 Double-Bit Axe
8:27 Horse Collar
12:30 Castle Age
11:12 Wheelbarrow
10:27 Horse Collar
11:58 Loom
12:49 Wheelbarrow
14:14 Heavy Plow
14:33 Bow Saw
16:09 Forging
21:13 Scale Mail Armor
22:57 Iron Casting
25:35 Town Watch
27:44 Thumb Ring
33:15 Imperial Age
30:53 Gold Mining
31:20 Fletching
31:57 Ballistics
32:58 Bodkin Arrow
33:59 Medical Corps
34:54 Hand Cart
35:17 Bracer
36:57 Conscription
37:13 Wootz Steel
36:22 Elite Urumi Swordsman
38:21 Chemistry
39:46 Arson
40:01 Squires
39:47 Gambesons
duke of downend
2:05 Loom
12:55 Feudal Age
13:34 Double-Bit Axe
13:33 Horse Collar
15:06 Man-at-Arms
15:32 Arson
19:02 Castle Age
19:15 Long Swordsman
19:20 Crossbowman
21:01 Bow Saw
20:18 Pikeman
21:42 Pikeman
29:58 Fletching
30:19 Forging
31:41 Heavy Plow
33:16 Bodkin Arrow
33:56 Iron Casting
37:10 Imperial Age
37:25 Arbalester
38:51 Conscription
Connection lost

Rejoining the realm…

Still unreachable

The connection could not be restored.

Session expired

The server has moved on; the page needs a fresh start.